 Dungeon Crawl Stone Soup version 0.29-a0-416-g83a48905f1 (webtiles) character file.

Game seed: 9680025246821726101

9 xian the Sneak (level 1, 0/15 HPs)
             Began as a Demigod Wanderer on May 17, 2022.
             Slain by a hobgoblin (2 damage)
             ... on level 1 of the Dungeon.
             The game lasted 00:00:40 (159 turns).

xian the Sneak (Demigod Wanderer)                    Turns: 159, Time: 00:00:41

Health: 0/15       AC:  2    Str: 10    XL:     1   Next: 86%
Magic:  4/4        EV: 11    Int: 16    God:
Gold:   16         SH:  0    Dex: 14    Spells: 1/2 levels left

rFire   . . .      SeeInvis .   a - +2 dagger
rCold   . . .      Faith    .   (no shield)
rNeg    . . .      Spirit   .   e - +0 robe
rPois   .          Reflect  .   (no helmet)
rElec   .          Harm     .   (no cloak)
rCorr   .          Rampage  .   (no gloves)
Will    .....                   (no boots)
Stlth   ++........              (no amulet)
HPRegen 0.05/turn               (no ring)
MPRegen 0.09/turn               (no ring)

@: no status effects
A: high MP 1, forlorn, divine attributes
a: no special abilities


You were on level 1 of the Dungeon.
You visited 1 branch of the dungeon, and saw 1 of its levels.

You collected 16 gold pieces.

Inventory:

Hand Weapons
 a - a +2 dagger (weapon)
Missiles
 d - 63 stones
Armour
 e - a +0 robe (worn)
Scrolls
 b - 2 scrolls of fear
 c - a scroll of vulnerability
Potions
 f - a potion of curing {unknown}


   Skills:
 + Level 0.6 Fighting
 + Level 0.6 Short Blades
 + Level 1.9 Throwing
 + Level 1.0 Armour
 + Level 1.0 Dodging
 + Level 3.7 Stealth
 + Level 1.0 Spellcasting
 + Level 1.0 Earth Magic


You had one spell level left.
You knew the following spells:

 Your Spells              Type           Power      Damage    Failure   Level
a - Sandblast             Erth           8%         2d5       16%         1

Your spell library contained the following spells:

 Spells                   Type           Power      Damage    Failure   Level
 Stone Arrow              Conj/Erth      4%         3d7       50%         3


Dungeon Overview and Level Annotations

Branches:
Dungeon (1/15)


Innate Abilities, Weirdness & Mutations

You have an increased reservoir of magic. (+10% MP)
You shall have no god before yourself.
Your divine heritage dramatically boosts your attributes as you level up.


Message History

The dart slug launches a dart at you. The slug dart hits you.
You hit the dart slug.
The dart slug is moderately wounded.
The dart slug barely misses you.
You hit the dart slug.
The dart slug is moderately wounded.
You hit the dart slug.
The dart slug is severely wounded.
The dart slug bites you but does no damage.
You hit the dart slug.
You kill the dart slug!
You see here a dart slug corpse.
HP restored.
A hobgoblin comes into view.
A giant cockroach comes into view.
The hobgoblin shouts!
You hear an angry hiss.
The giant cockroach barely misses you.
You hit the giant cockroach.
The giant cockroach is lightly wounded.
The hobgoblin barely misses you. The giant cockroach barely misses you.
You hit the giant cockroach.
The giant cockroach is severely wounded.
The hobgoblin hits you. The giant cockroach bites you.
You hit the giant cockroach.
You kill the giant cockroach!
The hobgoblin hits you.
A frilled lizard comes into view.
A bat comes into view.
The hobgoblin hits you. The hobgoblin misses you.
You hit the frilled lizard.
You kill the frilled lizard!
The hobgoblin hits you. The bat misses you. The bat hits you.
The hobgoblin hits you.
* * * LOW HITPOINT WARNING * * *
The bat hits you but does no damage.
You hit the hobgoblin but do no damage. The bat barely misses you.
The hobgoblin hits you.
You die...

.# ..
####
#.##...
.....
#... #..#
#..#
#####
#@g##
#..<.
#b..#
#....
#.#.#
#....
#.#.#
#######'#
#.#.#
≈≈≈≈≈≈≈.≈
..#.#
♣PPP..≈.≈
###.#
♣P♣♣♣P≈.≈
#.#
≈≈≈≈≈≈≈.≈
#.#
≈≈≈≈≈....


You could see a hobgoblin and a bat.

Vanquished Creatures
  2 dart slugs (D:1)
  A giant cockroach (D:1)
  A frilled lizard (D:1)
  A kobold (D:1)
  A rat (D:1)
6 creatures vanquished.

Notes
Turn   | Place    | Note
-------+----------+-------------------------------------------
     0 | D:1      | xian the Demigod Wanderer began the quest for the Orb.
     0 | D:1      | xian set off with the following items: a +2 dagger, 2
                  | scrolls of fear, a scroll of vulnerability, 34 stones, a +0
                  | robe; and the following spell memorised: Sandblast; and the
                  | following spells available to memorise: Stone Arrow
     0 | D:1      | Reached XP level 1. HP: 14/14 MP: 4/4
   159 | D:1      | Slain by a hobgoblin

Illustrated notes

Levels and vault maps discovered:
D:1:      lightli_arrival_farm, layout_basic

Action                   || total
-------------------------++-------
Melee: Dagger            ||    16
Armor: Robe              ||     2
Dodge: Dodged            ||     9

Table legend: (Time is in decaauts)
 A = Elapsed time spent in this place.
 B = Non-inter-level travel time spent in this place.
 C = Inter-level travel time spent in this place.
 D = Time resting spent in this place.
 E = Time spent auto-exploring this place.
 F = Levels seen in this place.
 G = Mean time per level.
                   A        B        C        D        E       F      G
               +--------+--------+--------+--------+--------+-----+--------+
         Total |    160 |    160 |      0 |      0 |    102 |   1 |  160.0 |
       Dungeon |    160 |    160 |      0 |      0 |    102 |   1 |  160.0 |
               +--------+--------+--------+--------+--------+-----+--------+

Top non-repeatable levels by time:
     D:1: 160 daAuts
